[Event "1000GM Schev-G3 March 2024"]
[Site "Santa Clara"]
[Date "2024.03.10"]
[Round "3.1"]
[White "Chinni, Rishabh"]
[Black "Dominguez Aguilar, Guillermo"]
[Result "1/2-1/2"]
[ECO "B76"]
[WhiteElo "2010"]
[BlackElo "2284"]
[Annotator "TA"]
[PlyCount "70"]
[EventDate "2024.03.06"]
[EventType "schev"]
[EventCountry "USA"]
[SourceTitle "playchess.com"]
[Source "ChessBase"]
[SourceQuality "1"]
[TimeControl "5400+30"]

1. e4 c5 2. Nf3 d6 3. d4 cxd4 4. Nxd4 Nf6 5. Nc3 g6 6. Be3 Bg7 7. f3 Nc6 8. Qd2 O-O 9. O-O-O Be6 10. g4 Nxd4 11. Bxd4 Qa5 12. Kb1 Rfc8 13. Nd5 Qxd2 14. Nxf6+ $1 Bxf6 15. Rxd2 Bxd4 16. Rxd4 Rc5 {[%emt 0:00:05] The position is equal.} 17. Be2 Rac8 18. c3 h5 19. h3 Kg7 20. f4 hxg4 21. hxg4 g5 22. f5 Bd7 23. Bf3 Bc6 24. Kc2 Kf6 25. Kd3 a5 26. Ke3 a4 {[%emt 0:02:31][%cal Oa4a3] [#] aiming for ...a3!} 27. a3 Ra8 ({Black should try} 27... Kg7 $11) 28. Bd1 (28. Rh7 $14) 28... Re5 $11 29. Rh6+ Kg7 30. Rh5 f6 31. Bc2 d5 32. Rd2 dxe4 {[%emt 0:03:20] [#]} (32... b5 $11 {keeps the balance.}) 33. Rdh2 $1 $16 {[%emt 0:01:37] White threatens Rh7+ and mate.} Rg8 34. Rh7+ {[%emt 0:00:12][%mdl 1024] White has strong compensation.} Kf8 35. Rd2 {[%emt 0:01:03] White is much more active.} Ke8 {[%emt 0:04:24] Inhibits Rd8+.   Weighted Error Value: White=0.05 (flawless) /Black=0.14 (very precise) .  Mistake:       	White=1     	Black=2      Inaccurate:     	White=1     	Black=2      OK:         	White=8     	Black=8      Best:        	White=1     	Black=2      Strong:       	White=1     	---} 1/2-1/2

[Event "1000GM Schev-G3 March 2024"]
[Site "Santa Clara"]
[Date "2024.03.10"]
[Round "3.2"]
[White "Penagalapati, Abhinav"]
[Black "Blandon Villa, Diego F"]
[Result "1-0"]
[ECO "A26"]
[WhiteElo "2043"]
[BlackElo "2274"]
[Annotator "TA"]
[PlyCount "69"]
[EventDate "2024.03.06"]
[EventType "schev"]
[EventCountry "USA"]
[SourceTitle "playchess.com"]
[Source "ChessBase"]
[SourceQuality "1"]
[TimeControl "5400+30"]

1. c4 Nf6 2. Nf3 g6 3. g3 Bg7 4. Bg2 O-O 5. O-O d6 6. Nc3 e5 7. d3 Nc6 8. Rb1 a5 9. a3 h6 10. b4 axb4 11. axb4 Be6 12. b5 Ne7 13. Bb2 c6 14. Ra1 Qc7 15. Nd2 d5 {[%emt 0:02:53] The position is equal.} 16. Qb3 Rfd8 17. b6 Qb8 18. Rxa8 Qxa8 19. Ra1 Qb8 20. Ba3 Nc8 21. Na4 dxc4 22. Nxc4 Nd7 23. Rb1 Bf8 (23... Bf6 {with more complications.} 24. e3 Qa8 25. Bxc6 bxc6 26. b7 Qb8) 24. Bxf8 Nxf8 25. Qb4 Bd5 (25... Bxc4 $11 {remains equal.} 26. dxc4 (26. Qxc4 Ne6 $14) 26... Ne6) 26. Bxd5 Rxd5 ({Better is} 26... cxd5 27. Ne3 d4) 27. Nc3 $16 {[%emt 0:00:10] White is much more active.} Rd4 28. Ra1 Nd7 29. Qb2 (29. Qa5 $16 {Qa8 would now be deadly.} Kg7 30. Rd1) 29... Nd6 $14 30. Nd2 $36 {[%emt 0:02:53][%cal Bc4d2,Bd2b3,Bb3c5][%mdl 2080] Strongly threatening Nf3. White is more active.} c5 $2 {[%emt 0:03:58] [#]} (30... Nc8 $1 $14) 31. Qa3 (31. Nb3 $1 $18 {is the precise move to win.}) 31... Nxb6 {[%emt 0:04:06] [#]} (31... Nc8 $16 {keeps fighting.}) 32. Nb3 $1 $18 ({Don't play} 32. Qxc5 Nd7 33. Qa5 Ne8) 32... Rg4 $2 (32... Qc7 33. Nxd4 (33. Nxc5 Nd5 $16) (33. Qxc5 Qxc5 34. Nxc5 Rb4 $14) 33... exd4) 33. Nxc5 {[%emt 0:01:37] White is winning.} ({Weaker is} 33. Qxc5 Nd7 34. Qa5 b6 $18) 33... Qc7 34. h3 Rd4 35. e3 {[%emt 0:01:23] Weighted Error Value: White=0.17 (very precise) /Black=0.38.  Loses game:     	---       	Black=1      Mistake:       	White=2     	Black=4      Inaccurate:     	White=2     	Black=1      OK:         	White=10    	Black=5      Best:        	---       	Black=1} 1-0

[Event "1000GM Schev-G3 March 2024"]
[Site "Santa Clara"]
[Date "2024.03.10"]
[Round "3.3"]
[White "Gracia Alvarez, Gerardo Antonio"]
[Black "Champsi, Imran"]
[Result "1-0"]
[ECO "D30"]
[WhiteElo "2233"]
[BlackElo "2057"]
[Annotator "TA"]
[PlyCount "107"]
[EventDate "2024.03.06"]
[EventType "schev"]
[EventCountry "USA"]
[SourceTitle "playchess.com"]
[Source "ChessBase"]
[SourceQuality "1"]
[TimeControl "5400+30"]

1. d4 d5 2. c4 c6 3. Nf3 Nf6 4. e3 e6 5. Nbd2 Nbd7 6. Bd3 Be7 7. b3 O-O 8. Bb2 b6 9. e4 {[%emt 0:02:04] The position is equal.} dxe4 10. Nxe4 Bb7 11. Qe2 c5 12. O-O-O cxd4 13. Nxd4 Nxe4 14. Bxe4 Bxe4 15. Qxe4 Bf6 16. Nf3 (16. h4 $14) 16... Qc7 $11 17. Bxf6 Nxf6 18. Qe5 Rac8 (18... Qb7 $15) 19. Qxc7 Rxc7 20. Kb2 Rfc8 21. Rd2 Kf8 22. Rhd1 Ke7 23. Ne5 Ne4 24. Rd7+ Ke8 25. Rxc7 Rxc7 {[%emt 0:00:02][%mdl 4096] Endgame. KRN-KRN} 26. f3 Nc5 27. Kc3 f6 28. Ng4 Rd7 29. Rxd7 Kxd7 {[%emt 0:00:10] KN-KN} 30. b4 Na6 31. f4 Nc7 32. Ne3 a6 33. Kd4 Kc6 34. g4 Ne8 35. a4 Nd6 36. h4 Nf7 (36... h6 $11 {remains equal.}) 37. b5+ $16 axb5 38. cxb5+ Kc7 39. f5 $1 exf5 (39... Nd8 $16 40. Kc4 Kc8 41. fxe6 Nxe6) 40. gxf5 $2 ({White must play} 40. Nxf5 $18 Ne5 41. Nxg7 Nxg4 42. Kd5) 40... Nd6 $1 $11 41. h5 Nc8 $2 {[%emt 0:00:31][%mdl 8192] [#]} (41... Kc8 $11) 42. h6 $1 $18 gxh6 43. Nd5+ Kd8 44. Nxf6 {[%emt 0:00:08][%cal Of6d5] Black must now prevent Nd5!} Nd6 45. Ke5 (45. Nxh7 Nxf5+ 46. Ke4 Nd6+ 47. Kd5 Kc7 $11) 45... Nc4+ 46. Ke6 Nb2 47. Ne4 {[%emt 0:06:03][%cal Oa4a5] Hoping for a5!} ({Stronger than} 47. Nxh7 Nxa4 48. f6 Nc5+ 49. Kf7 h5 $11) 47... Nxa4 48. f6 {[%emt 0:00:06][%cal Bf5f6,Bf6f7][%mdl 32] White mates.} Ke8 {[%emt 0:00:03] [#]} 49. f7+ $1 Kf8 50. Kf6 Nb2 {[%emt 0:00:38] [#]} 51. Nc5 $1 bxc5 52. b6 Nc4 53. b7 Nb6 54. b8=Q+ {[%emt 0:24:02] Weighted Error Value: White=0.26 (precise) /Black=0.30.  Loses game:     	---       	Black=1      Missed win:     	White=1     	---        Mistake:       	White=1     	Black=3      Inaccurate:     	---       	Black=2      OK:         	White=11    	Black=12     Best:        	White=2     	Black=1      Strong:       	White=1     	Black=1      Brilliant:      	White=1     	---} 1-0

[Event "1000GM Schev-G3 March 2024"]
[Site "Santa Clara"]
[Date "2024.03.10"]
[Round "3.4"]
[White "Heimann, Alexander"]
[Black "Liu, Patrick"]
[Result "1/2-1/2"]
[ECO "B48"]
[WhiteElo "2290"]
[BlackElo "2068"]
[Annotator "TA"]
[PlyCount "105"]
[EventDate "2024.03.06"]
[EventType "schev"]
[EventCountry "USA"]
[SourceTitle "playchess.com"]
[Source "ChessBase"]
[SourceQuality "1"]
[TimeControl "5400+30"]

1. e4 c5 2. Nf3 e6 3. d4 cxd4 4. Nxd4 Nc6 5. Nc3 Qc7 6. Be3 a6 7. Qd2 Nf6 8. f3 Be7 9. O-O-O b5 10. Nxc6 dxc6 11. Qf2 e5 12. Bb6 Qb7 13. Bc5 O-O 14. Be2 Be6 15. Rd2 a5 16. Rhd1 a4 (16... Bxc5 $15 17. Qxc5 Nd7) 17. b3 (17. a3 $1 $11) 17... axb3 $17 18. cxb3 Bxc5 (18... Rfc8 $17 19. Kb1 Bd8) 19. Qxc5 $15 Nd7 20. Qd6 (20. Qe3 $11 {remains equal.}) 20... Rfc8 (20... Qa7 $1 $17 21. Qe7 Rfe8) 21. g3 b4 (21... Qb6 $17) 22. Na4 $14 c5 {[%emt 0:00:47] White must now prevent ...c4.} 23. Kb1 Rxa4 24. bxa4 $18 c4 {[%emt 0:00:12] [#]} 25. Bxc4 Rxc4 $11 26. Qxd7 $1 Bxd7 27. Rxd7 Rc1+ $1 28. Kxc1 {[%emt 0:00:00][%cal Rd7d8][%mdl 4096] Endgame. KQ-KRR} (28. Kb2 $5 Rc2+ $8 29. Kb3 (29. Kxc2 Qc6+ 30. Kb1 g6 $11) 29... Rc3+ 30. Kb2 Rc2+ 31. Kb3 (31. Kxc2 Qc6+ 32. Kb1 h5 $11) 31... Rc3+ 32. Kb2 Rc2+ $11) 28... Qc6+ 29. Kb1 {[%emt 0:00:00] White threatens Rd8+ and mate.} g6 30. a5 Qa4 31. R7d5 {[%emt 0:00:00][%cal Od1d3] Strongly threatening R1d3!} b3 $1 32. R1d2 (32. Rxe5 $2 {gets mated.} Qxa2+ 33. Kc1 Qc2#) 32... bxa2+ 33. Rxa2 Qb3+ 34. Rb2 Qxf3 35. Rb4 Qe2 36. Rd8+ Kg7 {[%emt 0:00:05][%mdl 1024] Black has strong compensation.} 37. Rdb8 {[%emt 0:00:00] The position is equal.} Qd1+ 38. Kb2 Qd2+ 39. Kb3 Qd1+ 40. Kc4 Qd4+ 41. Kb5 Qd7+ 42. Ka6 Qc6+ 43. R8b6 Qc8+ 44. Kb5 {[%emt 0:00:00] a6 would now be deadly.} Qd7+ 45. Kc5 {[%emt 0:00:00] Rc4 is the strong threat.} Qc7+ 46. Kd5 {[%emt 0:00:00] Hoping for a6.} Qd8+ 47. Kc4 {[%emt 0:00:00] Threatens to win with a6.} Qd4+ 48. Kb5 Qd7+ 49. Ka6 Qc8+ 50. Rb7 Qc6+ 51. R4b6 Qxe4 52. Ka7 {[%emt 0:00:00] Active counter play!} Qd4 53. a6 {[%emt 0:00:00] Weighted Error Value: White=0.20 (precise) /Black=0.18 (very precise) .  Loses game:     	---       	Black=1      Missed win:     	White=1     	---        Mistake:       	White=2     	Black=4      Inaccurate:     	White=4     	Black=1      OK:         	White=8     	Black=25     Best:        	White=2     	Black=3      Strong:       	White=1     	Black=2} 1/2-1/2

[Event "1000GM Schev-G3 March 2024"]
[Site "Santa Clara"]
[Date "2024.03.10"]
[Round "3.5"]
[White "Suarez, Sebastian"]
[Black "Zuluaga Mancilla, Cesar"]
[Result "1-0"]
[ECO "B41"]
[WhiteElo "2113"]
[BlackElo "2217"]
[Annotator "RC"]
[PlyCount "81"]
[EventDate "2024.03.06"]
[EventType "schev"]
[EventCountry "USA"]
[SourceTitle "playchess.com"]
[Source "ChessBase"]
[SourceQuality "1"]
[TimeControl "5400+30"]

1. e4 c5 2. Nf3 a6 3. c4 e6 4. Nc3 Qc7 5. d4 cxd4 6. Nxd4 Nf6 7. a3 Nxe4 8. Nxe4 Qe5 9. Qe2 Qxd4 10. g3 Be7 11. Bg2 Nc6 12. O-O O-O 13. Rd1 Qe5 14. Bf4 Qa5 15. b4 Qd8 16. c5 f5 17. Nd6 Bxd6 18. Bxd6 Rf7 19. Rac1 Qf6 20. Rc4 h6 21. a4 Kh7 22. b5 Nd8 23. Be5 Qe7 24. Bd6 Qf6 25. Be5 Qe7 26. b6 Nc6 27. Bd6 Qf6 28. f4 a5 29. h4 g6 30. Qd2 Kg8 31. Rc3 Kh7 32. Rd3 Nb4 33. Rb3 Qd8 34. Qe3 Qe8 35. Rb2 Rg7 36. Rbd2 Rf7 37. Kf2 Rg7 38. Be5 Rg8 39. Bxb7 Rg7 40. Bg2 Rf7 41. Rd6 1-0

[Event "1000GM Schev-G3 March 2024"]
[Site "Santa Clara"]
[Date "2024.03.10"]
[Round "4.1"]
[White "Blandon Villa, Diego F"]
[Black "Chinni, Rishabh"]
[Result "0-1"]
[ECO "C54"]
[WhiteElo "2274"]
[BlackElo "2010"]
[Annotator "TA"]
[PlyCount "73"]
[EventDate "2024.03.06"]
[EventType "schev"]
[EventCountry "USA"]
[SourceTitle "playchess.com"]
[Source "ChessBase"]
[SourceQuality "1"]
[TimeControl "5400+30"]

1. e4 e5 2. Nf3 Nc6 3. Bc4 Bc5 4. c3 Nf6 5. d3 h6 6. O-O d6 7. Be3 Bb6 8. a4 O-O 9. Bxb6 axb6 {[%emt 0:00:07] Die Stellung ist ausgeglichen.} 10. Qc2 Ne7 11. d4 Ng6 (11... exd4 {scheint wilder zu sein.} 12. Nxd4 Nxe4 13. Qxe4 d5) 12. Nbd2 Bd7 13. Rfe1 Qe7 14. Bf1 Ra7 15. b3 $1 Rfa8 16. Rad1 Qe8 17. Qd3 Nf4 18. Qc4 (18. Qc2 $11) 18... c5 $1 $15 19. dxe5 dxe5 (19... b5 $1 $15 20. axb5 Be6 (20... dxe5 $2 21. Qxc5 Ra5 22. Nc4 $18)) 20. g3 $14 Nh3+ 21. Kg2 ({Weiss kommt nicht vorbei an} 21. Bxh3 $1 $14 Bxh3 22. Qe2) 21... Ng4 $36 {[%emt 0:00:41][%mdl 2048] Weiss steht unter Druck.} 22. Re2 {[%emt 0:00:51] [#] Ab hier gerät Weiß ins Schliddern.} ({Besser ist} 22. Nb1 $15) 22... Nhxf2 $1 $17 {[%emt 0:00:38] Schwarz steht aktiver.} 23. Rde1 {[%emt 0:04:05] [#]} (23. Rb1 $17) 23... b5 $1 $19 (23... Be6 24. Qb5 Qxb5 25. axb5 $19) 24. Qd5 Be6 (24... bxa4 25. Rxf2 Be6 26. Qxc5 Nxf2 (26... axb3 27. Rfe2 $11) 27. Kxf2 axb3 (27... Bxb3 28. c4 $11) 28. Qxe5 $17) 25. Qxc5 Nd3 (25... bxa4 26. Rxf2 Nxf2 (26... axb3 27. Rfe2 $14) 27. Kxf2 $15) 26. Qxb5 Qxb5 ({Nicht} 26... Nxe1+ 27. Rxe1 Qc8 28. Bc4 $17) 27. axb5 Nxe1+ 28. Rxe1 Ra2 29. Re2 Rc2 30. c4 Raa2 31. h3 Nf6 32. Kf2 Nd7 33. Ke3 Rc3+ 34. Kf2 Rcc2 35. Ke3 f6 ({Keinesfalls} 35... Rc3+ 36. Kf2 $19) 36. b4 $2 (36. Nb1) 36... Rc3+ ({Und nicht} 36... Bxc4 37. Nxc4 Rc3+ 38. Kf2 $16) 37. Kf2 {[%emt 0:00:09] Gewichteter Fehlerwert: Weiß=0.38/Schwarz=0.28 (präzise) .  Fehler:       	Weiß=5     	Schwarz=1     Ungenau:       	Weiß=2     	Schwarz=1     OK:         	Weiß=6     	Schwarz=13    Bester:       	Weiß=3     	Schwarz=2     Stark:        	Weiß=1     	Schwarz=2} 0-1

[Event "1000GM Schev-G3 March 2024"]
[Site "Santa Clara"]
[Date "2024.03.10"]
[Round "4.2"]
[White "Gracia Alvarez, Gerardo Antonio"]
[Black "Penagalapati, Abhinav"]
[Result "1-0"]
[ECO "B51"]
[WhiteElo "2233"]
[BlackElo "2043"]
[Annotator "RC"]
[PlyCount "85"]
[EventDate "2024.03.06"]
[EventType "schev"]
[EventCountry "USA"]
[SourceTitle "playchess.com"]
[Source "ChessBase"]
[SourceQuality "1"]
[TimeControl "5400+30"]

1. e4 c5 2. Nf3 d6 3. Bb5+ Nc6 4. O-O Bd7 5. Re1 Nf6 6. c3 a6 7. Bf1 Bg4 8. d4 cxd4 9. cxd4 e5 10. d5 Nd4 11. Be3 Nxf3+ 12. gxf3 Bd7 13. Nd2 Be7 14. Nc4 O-O 15. Nb6 Rb8 16. Rc1 Nh5 17. Qc2 f5 18. Qc7 Be8 19. Qxd8 Bxd8 20. Nc4 Rf6 21. b4 b5 22. Na5 f4 23. Bd2 Rg6+ 24. Kh1 Bb6 25. Re2 Bd7 26. Nc6 Re8 27. Be1 Nf6 28. a4 Rh6 29. a5 Bc7 30. Rec2 Kf7 31. Na7 Bb8 32. Nc8 g5 33. Nb6 Rg8 34. Nxd7 Nxd7 35. Rc8 Rg7 36. Rd8 Ke7 37. Rcc8 Ba7 38. Rg8 Rxg8 39. Rxg8 Bb8 40. Rc8 Ba7 41. Ra8 Bd4 42. Rxa6 Rf6 43. Ra8 1-0

[Event "1000GM Schev-G3 March 2024"]
[Site "Santa Clara"]
[Date "2024.03.10"]
[Round "4.3"]
[White "Champsi, Imran"]
[Black "Heimann, Alexander"]
[Result "1/2-1/2"]
[ECO "E32"]
[WhiteElo "2057"]
[BlackElo "2290"]
[Annotator "TA"]
[PlyCount "73"]
[EventDate "2024.03.06"]
[EventType "schev"]
[EventCountry "USA"]
[SourceTitle "playchess.com"]
[Source "ChessBase"]
[SourceQuality "1"]
[TimeControl "5400+30"]

1. d4 Nf6 2. c4 e6 3. Nc3 Bb4 4. Qc2 O-O 5. e4 d5 6. e5 Ne4 7. Bd3 c5 8. Nge2 cxd4 9. Nxd4 f5 {[%emt 0:00:34] [#] Zielt auf ...Nxc3 ab.} 10. exf6 {[%emt 0:07:41] Weiß steht etwas besser.} Qxf6 11. Bxe4 Bxc3+ 12. bxc3 dxe4 13. O-O e5 14. Ne2 (14. Nb5 {ist vielschichtiger.} Qg6 15. Ba3 Rd8 16. Rad1) 14... Bf5 15. Ng3 Bg6 16. Be3 Qc6 17. c5 Nd7 18. Rab1 Rab8 (18... Nxc5 $11 19. h4 (19. Bxc5 Qxc5 20. Qb3+ Kh8 $15) 19... b6) 19. Qb3+ $14 Kh8 20. Qb5 Qe6 21. Qa4 a6 22. Nxe4 Nf6 23. Rb6 Qd7 {[%emt 0:03:12] Schwarz hat schwache schwarze Felder} 24. Qxd7 Nxd7 25. Rd6 {[%emt 0:00:02] Weiß steht aktiver.} Bxe4 26. Rxd7 Rbd8 27. Rfd1 Rxd7 28. Rxd7 {[%emt 0:00:02][%mdl 4096] Endspiel. KRB-KRB} Bc6 29. Re7 Re8 30. Rc7 Kg8 31. f3 Rd8 32. Kf2 Rd7 33. Rxd7 Bxd7 34. Bd2 {[%emt 0:01:33] Die Stellung ist ausgeglichen.} Kf7 35. Ke3 Ke6 36. c4 Bc6 37. Bc3 {[%emt 0:01:14] Gewichteter Fehlerwert: Weiß=0.12 (sehr präzise) /Schwarz=0.12 (sehr präzise) .  Fehler:       	---       	Schwarz=1     Ungenau:       	Weiß=3     	Schwarz=4     OK:         	Weiß=7     	Schwarz=13    Bester:       	Weiß=3     	Schwarz=1} 1/2-1/2

[Event "1000GM Schev-G3 March 2024"]
[Site "Santa Clara"]
[Date "2024.03.10"]
[Round "4.4"]
[White "Liu, Patrick"]
[Black "Zuluaga Mancilla, Cesar"]
[Result "1/2-1/2"]
[ECO "D93"]
[WhiteElo "2068"]
[BlackElo "2217"]
[Annotator "RC"]
[PlyCount "117"]
[EventDate "2024.03.06"]
[EventType "schev"]
[EventCountry "USA"]
[SourceTitle "playchess.com"]
[Source "ChessBase"]
[SourceQuality "1"]
[TimeControl "5400+30"]

1. d4 d5 2. Nf3 Nf6 3. c4 c6 4. Qc2 g6 5. Bf4 Bg7 6. e3 O-O 7. Nc3 Nbd7 8. h3 Nb6 9. cxd5 Nbxd5 10. Be5 Bf5 11. Qb3 Qb6 12. Qxb6 axb6 13. Nxd5 Nxd5 14. Bxg7 Kxg7 15. Bc4 Nb4 16. O-O Bd3 17. Bxd3 Nxd3 18. b3 Ra3 19. Ne5 Nxe5 20. dxe5 Rfa8 21. Rad1 e6 22. Rd7 R8a7 23. Ra1 b5 24. Rc7 Rxa2 25. Rxa2 Rxa2 26. Rxb7 Rc2 27. b4 Kf8 28. g4 Rc4 29. Rc7 h5 30. f3 h4 31. Rc8+ Ke7 32. Rc7+ Ke8 33. f4 g5 34. fxg5 Rxb4 35. Rxc6 Re4 36. g6 fxg6 37. Rxe6+ Kf7 38. Rf6+ Kg7 39. Rb6 Rxe3 40. Rxb5 Rxh3 41. g5 Rg3+ 42. Kh2 Kf7 43. Rb4 Rxg5 44. Rxh4 Rxe5 45. Ra4 Kf6 46. Kg2 Kf5 47. Kg3 Re3+ 48. Kf2 Rd3 49. Kg2 g5 50. Rb4 Kg6 51. Ra4 Kh5 52. Rb4 Re3 53. Kf2 Re5 54. Kg3 Rc5 55. Ra4 g4 56. Ra8 Rc3+ 57. Kg2 Rc5 58. Kg3 Rc3+ 59. Kg2 1/2-1/2

[Event "1000GM Schev-G3 March 2024"]
[Site "Santa Clara"]
[Date "2024.03.10"]
[Round "4.5"]
[White "Dominguez Aguilar, Guillermo"]
[Black "Suarez, Sebastian"]
[Result "1-0"]
[ECO "B42"]
[WhiteElo "2284"]
[BlackElo "2113"]
[Annotator "TA"]
[PlyCount "63"]
[EventDate "2024.03.06"]
[EventType "schev"]
[EventCountry "USA"]
[SourceTitle "playchess.com"]
[Source "ChessBase"]
[SourceQuality "1"]
[TimeControl "5400+30"]

1. e4 c5 2. Nf3 e6 3. d4 cxd4 4. Nxd4 a6 5. Bd3 Nf6 6. O-O Qc7 7. Qe2 d6 8. c4 Be7 9. b3 O-O 10. Bb2 Nbd7 11. Nc3 b6 12. Rac1 Bb7 13. Bb1 Rfe8 14. f4 Rad8 15. Kh1 {[%emt 0:56:15] Weiß steht etwas besser.} Bf8 16. Nf3 g6 17. e5 Nh5 18. Ng5 (18. Ne4 $1 $11 {war der einzige Weg, das Gleichgewicht zu halten.}) 18... Bh6 (18... dxe5 $17 {Droht stark ...Bh6.} 19. fxe5 Nxe5) 19. exd6 $11 Qxd6 20. Rcd1 Qc7 ({Besser ist} 20... Qe7 $1 $15 21. Be4 Nxf4 22. Rxf4 Bxg5 (22... Qxg5 23. Rff1 $18)) 21. Nce4 $1 (21. Nxh7 f5 (21... Nxf4 22. Rxd7 Rxd7 23. Nf6+ Kf8 24. Nce4 $11) 22. Ng5 (22. Nb5 $2 axb5 23. Ng5 Nxf4 $19) 22... Bxg5 (22... Nxf4 23. Rxf4 Bxg5 24. Rff1 $17) 23. fxg5 Nf4 24. Rxf4 Qxf4 $17) 21... Bxe4 (21... Nxf4 $2 {verliert.} 22. Rxd7 Rxd7 23. Nf6+ Kf8 24. Nfxh7+ (24. Nxd7+ Ke7 $18) 24... Kg8 25. Nf6+ Kf8 26. Nxd7+ Ke7 27. Rd1 (27. Bf6+ Kxd7 28. Qd2+ Kc8 $18) 27... Bxg5 (27... Bxg2+ $2 28. Qxg2 Rc8 29. Ba3+ $18) 28. Ba3+ Kd8 29. Nxb6+ $18) 22. Nxe4 {[%emt 0:00:00] [#] Zielt auf g4 ab.} f5 {[%emt 0:00:00] Das kostet Schwarz die Partie.} (22... Bg7 $14) 23. Nd6 $36 {[%emt 0:00:00][%mdl 2048] Schwarz steht unter starkem Druck.} Bxf4 $2 (23... Re7 {war nötig.}) 24. Nxe8 Rxe8 25. Bxf5 Nf8 (25... Ne5 $142) 26. Bg4 Ng7 27. g3 Bd6 28. Qe4 a5 29. Rd3 {[%emt 0:00:00] Weiß steht klar auf Gewinn.} ({Bloß nicht} 29. c5 Bxc5 30. Qc4 h5 $18) 29... h5 30. Bh3 Qe7 31. Qc6 Bc5 32. Bf6 {[%emt 0:00:00] Gewichteter Fehlerwert: Weiß=0.41/Schwarz=0.70.  Fehler:       	Weiß=1     	Schwarz=5     Ungenau:       	Weiß=2     	Schwarz=3     OK:         	Weiß=3     	Schwarz=5     Bester:       	Weiß=3     	Schwarz=1     Stark:        	Weiß=1     	---} 1-0

[Event "1000GM Schev-G3 March 2024"]
[Site "Santa Clara"]
[Date "2024.03.11"]
[Round "5.1"]
[White "Chinni, Rishabh"]
[Black "Gracia Alvarez, Gerardo Antonio"]
[Result "1/2-1/2"]
[ECO "C60"]
[WhiteElo "2010"]
[BlackElo "2233"]
[Annotator "TA"]
[PlyCount "41"]
[EventDate "2024.03.06"]
[EventType "schev"]
[EventCountry "USA"]
[SourceTitle "playchess.com"]
[Source "ChessBase"]
[SourceQuality "1"]
[TimeControl "5400+30"]

1. e4 e5 2. Nf3 Nc6 3. Bb5 Nge7 4. c3 d5 5. Nxe5 dxe4 6. d4 (6. Qe2 $14) 6... exd3 $11 {[%emt 0:01:56] Hoping for ...Qd5.} 7. Nxc6 (7. Qf3 {is interesting.} Be6 8. O-O Qd5 9. Qxd5 Bxd5 10. Nxc6 Bxc6 11. Bxd3 O-O-O 12. Bc4) 7... Nxc6 8. Qxd3 (8. Bxd3 $11 Bg4 9. Qc2) 8... Qxd3 $15 9. Bxd3 Be6 10. Bf4 O-O-O 11. Be4 Bd5 12. Bxd5 Rxd5 13. Nd2 Bd6 14. Be3 {[%emt 0:03:24] The position is equal.} Re8 15. O-O-O Bf8 16. Nf3 Rxd1+ 17. Rxd1 Ne5 18. Nxe5 (18. Bxa7 $2 {perishes.} Nxf3 19. gxf3 b6 $19) 18... Rxe5 19. Kc2 (19. Bxa7 $2 {is the wrong capture.} b6 20. Rd2 Kb7 21. Bxb6 (21. Bb8 $2 Be7 $19) 21... Kxb6 $19 (21... Re1+ $2 22. Rd1 $19)) 19... Bc5 20. Bxc5 Rxc5 21. Rd4 {[%emt 0:01:47] Weighted Error Value: White=0.19 (very precise) /Black=0.07 (flawless) .  Mistake:       	White=1     	---        Inaccurate:     	White=1     	Black=2      OK:         	White=5     	Black=5      Best:        	White=1     	Black=1} 1/2-1/2

[Event "1000GM Schev-G3 March 2024"]
[Site "Santa Clara"]
[Date "2024.03.11"]
[Round "5.2"]
[White "Heimann, Alexander"]
[Black "Penagalapati, Abhinav"]
[Result "1/2-1/2"]
[ECO "B63"]
[WhiteElo "2290"]
[BlackElo "2043"]
[Annotator "RC"]
[PlyCount "121"]
[EventDate "2024.03.06"]
[EventType "schev"]
[EventCountry "USA"]
[SourceTitle "playchess.com"]
[Source "ChessBase"]
[SourceQuality "1"]
[TimeControl "5400+30"]

1. e4 c5 2. Nf3 d6 3. d4 cxd4 4. Nxd4 Nf6 5. Nc3 Nc6 6. Bg5 e6 7. Qd2 Qb6 8. Nb3 Be7 9. O-O-O O-O 10. Be2 Rd8 11. Be3 Qc7 12. f4 a6 13. Bf3 b5 14. Qf2 Nd7 15. h4 Bb7 16. h5 Bf6 17. g4 Nb4 18. e5 Bxf3 19. Qxf3 dxe5 20. g5 e4 21. Qxe4 Bxc3 22. bxc3 Nxa2+ 23. Kb2 Nxc3 24. Rxd7 Qxd7 25. Kxc3 Rac8+ 26. Kb2 Rc4 27. Qg2 Rdc8 28. Rc1 Qe7 29. Qd2 Rd8 30. Qa5 Ra4 31. Bc5 Qd7 32. Qc3 Rc4 33. Qe3 Qd5 34. h6 a5 35. Bb6 Ra8 36. Bxa5 b4 37. Qe5 Qxe5+ 38. fxe5 Rg4 39. Rd1 Rxg5 40. hxg7 Rg4 41. Bd8 Kxg7 42. Bf6+ Kg6 43. Nc5 Rc8 44. Nd3 Rcc4 45. Ra1 Rg2 46. Kb3 Rc3+ 47. Kxb4 Rgxc2 48. Nf4+ Kf5 49. Ne2 Rd3 50. Rf1+ Ke4 51. Nc1 Rh3 52. Re1+ Re3 53. Rh1 Rb2+ 54. Kc5 Rc3+ 55. Kd6 Rbc2 56. Re1+ Kf3 57. Bg5 Kg4 58. Bh6 Kh5 59. Bf4 Rf3 60. Rh1+ Kg6 61. Rg1+ 1/2-1/2